 Dungeon Crawl Stone Soup version 0.29.0-4-gdea44cf6ec (webtiles) character file.

Game seed: 14396274718579206364

46133 qw the Severer (level 14, -5/138 HPs)
             Began as a Gargoyle Berserker on Sept 8, 2022.
             Was a Priest of Trog.
             Slain by a seven-headed hydra (11 damage)
             ... on level 5 of the Lair of Beasts.
             The game lasted 00:06:54 (16545 turns).

qw the Severer (Gargoyle Berserker)                Turns: 16545, Time: 00:06:55

Health: -5/138     AC: 31    Str: 28    XL:     14   Next: 36%
Magic:  14/14      EV: 14    Int: 13    God:    Trog [***...]
Gold:   1454       SH:  9    Dex: 19    Spells: 13/13 levels left

rFire   + + .      SeeInvis .   o - +2 flail of Radodgh {holy, Will++ Str+3 Dex+4}
rCold   + . .      Faith    .   e - +3 buckler of Loru {Rampage Int+4 Dex+6}
rNeg    + + .      Spirit   .   i - +1 plate armour
rPois   inf        Reflect  .   m - +1 helmet
rElec   +          Harm     .   r - scarf {rC+ rF+}
rCorr   .          Rampage  +   h - +2 pair of gloves
Will    ++++.                   (no boots)
Stlth   ..........              p - amulet of Orthodoxy {rPois rF+ Regen+}
HPRegen 1.13/turn               c - ring of Udommi {rElec rN+ Will+}
MPRegen 0.14/turn               l - +4 ring of evasion

@: berserking (expiring), flying, very quick
A: sickness immunity, AC +10, big wings, negative energy resistance 1,
electricity resistance, torment resistance 1, petrification resistance
a: Renounce Religion, Berserk, Trog's Hand


You were on level 5 of the Lair of Beasts.
You worshipped Trog.
Trog was most pleased with you.
You visited 2 branches of the dungeon, and saw 14 of its levels.

You collected 1988 gold pieces.
You spent 534 gold pieces at shops.


Innate Abilities, Weirdness & Mutations

You are immune to sickness and miasma.
Your stone body is resilient. (AC +10)
You are immune to poison.
Your large and strong wings let you fly.
You resist negative energy. (rN+)
You are resistant to electric shocks. (rElec)
You are resistant to unholy torment.
You are immune to petrification.


   Skills:
 - Level 12.0 Fighting
 - Level 16.0 Axes
 - Level 6.0 Throwing
 - Level 10.2 Armour
 - Level 5.0 Dodging
 + Level 7.7 Shields


You had 13 spell levels left.
You didn't know any spells.
Your spell library was empty.

Inventory:

Hand Weapons
 d - a +0 war axe
 o - the +2 flail of Radodgh (weapon) {holy, Will++ Str+3 Dex+4}
   (You took it off a kobold on level 9 of the Dungeon)

   It has been blessed by the Shining One to cause great damage to the undead
   and demons.
   Str:       It affects your strength (+3).
   Dex:       It affects your dexterity (+4).
   Will:      It greatly increases your willpower.
Missiles
 g - 2 boomerangs
 u - 4 javelins (quivered)
Armour
 e - the +3 buckler of Loru (worn) {Rampage Int+4 Dex+6}
   (You acquired it on level 6 of the Dungeon)

   Int:       It affects your intelligence (+4).
   Dex:       It affects your dexterity (+6).
   Rampage:   It bestows one free step when moving towards enemies.
 h - a +2 pair of gloves (worn)
 i - a +1 plate armour (worn)
 m - a +1 helmet (worn)
 n - a +1 cloak of stealth
 r - a scarf of resistance (worn)
Jewellery
 c - the ring of Udommi (left hand) {rElec rN+ Will+}
   (You found it on level 4 of the Lair of Beasts)

   [ring of willpower]

   rElec:     It insulates you from electricity.
   rN:        It protects you from negative energy.
   Will:      It increases your willpower.
 l - a +4 ring of evasion (right hand)
 p - the amulet of Orthodoxy (around neck) {rPois rF+ Regen+}
   (You found it on level 8 of the Dungeon)

   [amulet of regeneration]

   rF:        It protects you from fire.
   rPois:     It protects you from poison.
   Regen:     It increases your rate of health regeneration.
 Y - a ring of resist corrosion
Scrolls
 a - 6 scrolls of identify
 s - 2 scrolls of teleportation
Potions
 b - 2 potions of haste
 f - 6 potions of heal wounds
 j - a potion of might
 k - 6 potions of curing
 q - 2 potions of cancellation
 v - 2 potions of mutation

Dungeon Overview and Level Annotations

Branches:
Dungeon (9/15)             Temple (0/1) D:7            Lair (5/5) D:9
 Shoals (0/4) Lair:2       Spider (0/4) Lair:2        Slime (0/5) Lair:4
    Orc: D:9-12

Altars:
Ashenzari
Gozag
Makhleb
Nemelex Xobeh
Sif Muna
Uskayaw
Xom
Yredelemnul
Zin

Shops:
D:1 :   D:2 :?:(   D:3 [   D:6 *

Annotations:
Lair:2 1 runed translucent door, qw's ghost, journeyman MiBe
Lair:5 Nessos


Message History

The elephant is lightly wounded.
The elephant tramples you but does no damage.
The elephant trunk-slaps you but does no damage.
You block the seven-headed hydra's attack. x2
The seven-headed hydra closely misses you.
You block the seven-headed hydra's attack. x2
The seven-headed hydra bites you but does no damage. x2
You thump the elephant!
The elephant is lightly wounded.
Nessos unwields a +3 longbow of flaming.
It stops flaming.
Nessos wields a +0 whip.
Nessos hits you but does no damage. You block Nessos's attack.
The elephant barely misses you. x2
You sock the elephant!
The elephant is moderately wounded.
You block the seven-headed hydra's attack. x3
The seven-headed hydra closely misses you. x2
The seven-headed hydra bites you but does no damage. x2
Nessos casts a spell.
Nessos blinks!
You sock the elephant!
The elephant is heavily wounded.
You block the elephant's attack. The elephant barely misses you.
Nessos unwields a +0 whip.
Nessos wields a +3 longbow of flaming.
It bursts into flame!
Nessos shoots an arrow.
You block the arrow.
You sock the elephant!
The elephant is severely wounded.
The seven-headed hydra bites you.
You block the seven-headed hydra's attack. x2
The seven-headed hydra bites you but does no damage. x2
The seven-headed hydra bites you!
The seven-headed hydra barely misses you.
Nessos shoots an arrow.
You block the arrow.
You bludgeon the elephant!!
The elephant is almost dead.
The elephant tramples you but does no damage.
You block the elephant's attack.
You block the seven-headed hydra's attack. x2
The seven-headed hydra bites you but does no damage. x2
The seven-headed hydra bites you!
You die...

#.# ##.# #c# ## ## Y.#
.# ## #.# ##. #.
Y.#.#...##.##..# ..##...
Y............... ..c..
%%.............. ...#.##
(......# #..c##.#..#....
.#.#...# #P...##@ยค..#..
..#....###...##.YD....P#
...#...<..............##
..#....................#
........%.%...........#.
###..#%##.#######...# #.
#.#..# ..P# #.##..#.#
... +..#.#..#


You could see Nessos, a seven-headed hydra and an elephant.

Vanquished Creatures
  5 hydras
  A catoblepas (Lair:4)
  3 death yaks (Lair:4)
  A two-headed ogre (D:9)
  Pikel (D:7)
  A deep elf pyromancer (D:9)
  An ugly thing (D:8)
  5 black mambas
  7 elephants
  Maurice (D:7)
  A torpor snail (Lair:5)
  Maggie (D:9)
  12 cane toads
  2 rime drakes (Lair:5)
  A troll (D:9)
  A meliai (Lair:2)
  A queen bee (D:9)
  2 hornets (D:8)
  Prince Ribbit (D:8)
  16 blink frogs
  7 dream sheep (Lair:4)
  A snapping turtle (Lair:2)
  5 spriggans (D:9)
  A shadow (D:9)
  4 wyverns
  A wraith (D:9)
  52 yaks
  4 basilisks
  A steam dragon (D:9)
  2 swamp worms (Lair:2)
  27 water moccasins
  Duvessa (D:7)
  An acid dragon (D:9)
  2 orc warriors (D:7)
  4 black bears
  An ice beast (D:8)
  A sky beast (D:7)
  3 ogres
  6 centaurs
  27 wolves
  A lemure (D:7)
  A phantom (D:4)
  7 kobold brigands
  3 scorpions
  13 bullfrogs
  2 necrophages (D:7)
  10 wights
  Dowan (D:7)
  29 killer bees
  3 vampire bats (Lair:2)
  2 howler monkeys
  4 electric eels
  5 jellies
  7 hounds
  3 orc priests
  Terence (D:2)
  3 iguanas
  3 orc wizards
  7 adders
  4 gnolls (D:5)
  3 shadow imps
  5 white imps
  4 ufetubi
  A worm (D:4)
  2 dart slugs
  15 orcs
  8 ball pythons
  4 bats
  4 endoplasms
  3 giant cockroaches
  5 goblins
  3 hobgoblins
  4 jackals (D:3)
  21 kobolds
  2 quokkas
  4 frilled lizards
  2 rats
414 creatures vanquished.

Vanquished Creatures (collateral kills)
  A death yak (Lair:1)
  A black mamba (Lair:1)
  A torpor snail (Lair:1)
  3 komodo dragons
  A polar bear (Lair:1)
  4 blink frogs
  A wyvern (Lair:5)
  A yak (Lair:5)
  A basilisk (Lair:5)
14 creatures vanquished.

Vanquished Creatures (others)
  A bush (Lair:5)
  22 fungi
  70 plants
93 creatures vanquished.

Grand Total: 521 creatures vanquished

Notes
Turn   | Place    | Note
-------+----------+-------------------------------------------
     0 | D:1      | qw the Gargoyle Berserker began the quest for the Orb.
     0 | D:1      | Reached XP level 1. HP: 14/14 MP: 1/1
     0 | D:1      | 0 ||| qw: Version: 0.1-a-112-g44dc6cd
     0 | D:1      | 0 ||| qw: Game counter: 6667
     0 | D:1      | 0 ||| qw: Always use a shield: true
     0 | D:1      | 0 ||| qw: Do Orc after D:15 true
     0 | D:1      | 0 ||| qw: Do second Lair branch before Depths: true
     0 | D:1      | 0 ||| qw: Lair rune preference: random
     0 | D:1      | 0 ||| qw: Plans: Normal
     0 | D:1      | 0 ||| PLANNING D:1-11
   184 | D:1      | Reached skill level 3 in Axes
   424 | D:1      | Found Jounwaudui's Book Emporium.
   467 | D:1      | Reached XP level 2. HP: 19/19 MP: 2/2
   930 | D:1      | 930 ||| UPGRADING to +0 ring mail.
   940 | D:1      | 940 ||| DROPPING +0 animal skin.
   941 | D:1      | 941 ||| DROPPING amulet of faith.
   942 | D:1      | 942 ||| READING scroll labelled FOWNAE POIRU.
  1280 | D:2      | Found Setuwk's Antique Weapon Emporium.
  1289 | D:2      | 1289 ||| SHOPLISTING glowing hand axe (156 gold, have 63).
  1289 | D:2      | 1289 ||| SHOPLISTING runed mace (156 gold, have 63).
  1289 | D:2      | 1289 ||| SHOPLISTING war axe (91 gold, have 63).
  1292 | D:2      | Noticed Terence
  1297 | D:2      | 1297 ||| INVOKING Berserk.
  1300 | D:2      | Killed Terence
  1301 | D:2      | Reached skill level 4 in Axes
  1301 | D:2      | Reached XP level 3. HP: 23/23 MP: 3/3
  1479 | D:2      | Found Myviej's Book Emporium.
  1843 | D:2      | Found Deuty's Book Boutique.
  1937 | D:2      | Found Siary's Magic Scroll Shop.
  1947 | D:2      | 1947 ||| BUYING scroll of enchant armour (75 gold).
  1947 | D:2      | Bought a scroll of enchant armour for 75 gold pieces
  1947 | D:2      | 1947 ||| BUYING scroll of identify (20 gold).
  1947 | D:2      | Bought a scroll of identify for 20 gold pieces
  1947 | D:2      | 1947 ||| SHOPLISTING scroll of identify (20 gold, have 19).
  1963 | D:2      | Reached XP level 4. HP: 27/28 MP: 4/4
  2017 | D:2      | You fall into a shaft and drop 2 floors!
  2116 | D:4      | 2116 ||| INVOKING Berserk.
  2260 | D:4      | Noticed a phantom
  2278 | D:4      | 2278 ||| INVOKING Berserk.
  2281 | D:4      | Killed a phantom
  2282 | D:4      | Reached skill level 5 in Axes
  2282 | D:4      | Reached XP level 5. HP: 22/32 MP: 5/5
  2501 | D:4      | 2501 ||| INVOKING Berserk.
  2620 | D:4      | Noticed a black bear
  2624 | D:4      | 2624 ||| Stepping ~*~*~tactically~*~*~ (stealth).
  2625 | D:4      | 2625 ||| Stepping ~*~*~tactically~*~*~ (stealth).
  2626 | D:4      | 2626 ||| INVOKING Berserk.
  2629 | D:4      | Killed a black bear
  2630 | D:4      | Reached XP level 6. HP: 40/40 MP: 6/6
  2695 | D:4      | 2695 ||| Stepping ~*~*~tactically~*~*~ (stealth).
  2781 | D:4      | 2781 ||| UPGRADING to +0 chain mail.
  2791 | D:4      | 2791 ||| DROPPING +0 ring mail.
  2792 | D:4      | 2792 ||| UPGRADING to +0 plate armour.
  2802 | D:4      | 2802 ||| DROPPING +0 chain mail.
  2803 | D:4      | 2803 ||| READING scroll of enchant armour.
  2803 | D:4      | 2803 ||| ENCHANTING +0 plate armour.
  2804 | D:4      | 2804 ||| UPGRADING to amulet of regeneration.
  2809 | D:4      | 2809 ||| DRINKING 2 coppery potions.
  2810 | D:4      | 2810 ||| READING 3 scrolls of identify.
  2810 | D:4      | 2810 ||| IDENTIFYING bubbling dark potion
  2811 | D:4      | 2811 ||| READING 2 scrolls of identify.
  2811 | D:4      | 2811 ||| IDENTIFYING lumpy grey potion
  2812 | D:4      | 2812 ||| DROPPING potion of brilliance.
  2813 | D:4      | 2813 ||| DROPPING potion of attraction.
  2835 | D:3      | Noticed a +0 short sword
  2835 | D:3      | Noticed a +0 short sword
  2835 | D:3      | Noticed a +0 dagger
  2836 | D:3      | Noticed a +0 spear
  2836 | D:3      | Noticed a +0 dagger
  2837 | D:3      | Noticed a +0 falchion
  2837 | D:3      | Noticed a +0 falchion
  3206 | D:2      | 3206 ||| DRINKING 2 bubbling emerald potions.
  3207 | D:2      | 3207 ||| READING 2 scrolls of identify.
  3207 | D:2      | 3207 ||| IDENTIFYING metallic golden potion
  3208 | D:2      | 3208 ||| DROPPING potion of invisibility.
  3340 | D:3      | 3340 ||| STAIRDANCE
  3362 | D:2      | 3362 ||| DROPPING +3 whip.
  3409 | D:3      | Reached ** piety under Trog
  3441 | D:3      | Noticed a +0 spear
  3477 | D:3      | Found a faded altar of an unknown god.
  3493 | D:3      | 3493 ||| INVOKING Berserk.
  3496 | D:3      | Reached skill level 3 in Armour
  3670 | D:3      | Found a hide-covered altar of Uskayaw.
  3723 | D:3      | Found Qeqiust's Antique Armour Shop.
  3730 | D:3      | 3730 ||| SHOPLISTING pair of runed gloves (165 gold, have
                  | 45).
  3730 | D:3      | 3730 ||| SHOPLISTING shiny chain mail (165 gold, have 45).
  3851 | D:3      | 3851 ||| UPGRADING to +0 pair of gloves.
  3856 | D:3      | 3856 ||| DROPPING ring of flight.
  3857 | D:3      | 3857 ||| DRINKING 2 metallic ruby potions.
  3858 | D:3      | 3858 ||| DRINKING 2 grey potions.
  3859 | D:3      | 3859 ||| READING 2 scrolls of identify.
  3859 | D:3      | 3859 ||| IDENTIFYING sedimented white potion
  3860 | D:3      | 3860 ||| DROPPING potion of magic.
  3976 | D:4      | 3976 ||| Stepping ~*~*~tactically~*~*~ (hiding).
  4104 | D:4      | Found a shimmering blue altar of Sif Muna.
  4108 | D:4      | Found a broken altar of Ashenzari.
  4112 | D:4      | Found a shimmering altar of Xom.
  4237 | D:5      | Entered Level 5 of the Dungeon
  4238 | D:5      | 4238 ||| STAIRDANCE
  4245 | D:4      | 4245 ||| INVOKING Berserk.
  4247 | D:4      | Reached skill level 6 in Axes
  4247 | D:4      | Reached XP level 7. HP: 34/44 MP: 7/7
  4457 | D:5      | 4457 ||| INVOKING Berserk.
  4632 | D:5      | Found a glowing silver altar of Zin.
  4678 | D:5      | 4678 ||| Stepping ~*~*~tactically~*~*~ (hiding).
  4687 | D:5      | 4687 ||| INVOKING Berserk.
  4916 | D:5      | 4916 ||| Stepping ~*~*~tactically~*~*~ (hiding).
  4920 | D:5      | 4920 ||| INVOKING Berserk.
  4925 | D:5      | Reached skill level 7 in Axes
  5143 | D:5      | 5143 ||| INVOKING Berserk.
  5425 | D:5      | 5425 ||| READING 2 scrolls labelled PEPHUA QUAMOZI.
  5426 | D:5      | 5426 ||| READING scroll labelled ASITHAHYID.
  5427 | D:5      | 5427 ||| READING 3 scrolls of identify.
  5427 | D:5      | 5427 ||| IDENTIFYING brown potion
  5428 | D:5      | 5428 ||| DROPPING scroll of magic mapping.
  5429 | D:5      | 5429 ||| DROPPING potion of degeneration.
  5450 | D:6      | 5450 ||| INVOKING Berserk.
  5466 | D:6      | 5466 ||| FLEEEEING.
  5467 | D:6      | 5467 ||| FLEEEEING.
  5468 | D:6      | 5468 ||| STAIRDANCE
  5475 | D:5      | HP: 7/44 [ogre/+0 giant spiked club (16)]
  5476 | D:5      | 5476 ||| DRINKING 5 potions of heal wounds.
  5480 | D:5      | Reached XP level 8. HP: 16/48 MP: 8/8
  5514 | D:6      | 5514 ||| STAIRDANCE
  5648 | D:6      | Found Nucitucy's Assorted Antiques.
  5668 | D:6      | Reached skill level 1 in Throwing
  5735 | D:6      | 5735 ||| INVOKING Berserk.
  5952 | D:6      | Found a burning altar of Makhleb.
  6023 | D:6      | 6023 ||| UPGRADING to +2 pair of gloves.
  6033 | D:6      | 6033 ||| DROPPING +0 pair of gloves.
  6034 | D:6      | 6034 ||| UPGRADING to ring of resist corrosion.
  6035 | D:6      | 6035 ||| READING scroll labelled ROULLAA URRUAQ.
  6040 | D:6      | 6040 ||| READING 2 scrolls labelled FUSIRUD LAYM.
  6041 | D:6      | 6041 ||| READING scroll labelled VOVVIU RECREY.
  6041 | D:6      | Identified a scroll of acquirement
  6041 | D:6      | 6041 ||| ACQUIRING +3 buckler of Loru {Rampage Int+4 Dex+6}
  6041 | D:6      | Acquired the +3 buckler of Loru {Rampage Int+4 Dex+6}
  6043 | D:6      | 6043 ||| UPGRADING to +3 buckler of Loru {Rampage Int+4
                  | Dex+6}.
  6048 | D:6      | 6048 ||| READING 2 scrolls labelled VUG JYPEUTA.
  6049 | D:6      | 6049 ||| DROPPING scroll of noise.
  6050 | D:6      | 6050 ||| DROPPING scroll of amnesia.
  6074 | D:7      | Reached skill level 1 in Shields
  6115 | D:7      | Found a staircase to the Ecumenical Temple.
  6168 | D:7      | 6168 ||| Stepping ~*~*~tactically~*~*~ (stealth).
  6173 | D:7      | Reached skill level 3 in Shields
  6301 | D:7      | 6301 ||| Stepping ~*~*~tactically~*~*~ (hiding).
  6361 | D:7      | Reached skill level 8 in Axes
  6519 | D:7      | Noticed Dowan
  6519 | D:7      | Noticed Duvessa
  6522 | D:7      | 6522 ||| INVOKING Berserk.
  6527 | D:7      | Killed Duvessa
  6528 | D:7      | Reached skill level 6 in Fighting
  6528 | D:7      | Reached XP level 9. HP: 55/55 MP: 9/9
  6530 | D:7      | Killed Dowan
  6747 | D:7      | 6747 ||| Stepping ~*~*~tactically~*~*~ (stealth).
  6748 | D:7      | 6748 ||| Stepping ~*~*~tactically~*~*~ (stealth).
  6751 | D:7      | 6751 ||| Stepping ~*~*~tactically~*~*~ (stealth).
  6752 | D:7      | 6752 ||| Stepping ~*~*~tactically~*~*~ (stealth).
  6753 | D:7      | 6753 ||| Stepping ~*~*~tactically~*~*~ (stealth).
  6757 | D:7      | 6757 ||| INVOKING Berserk.
  7003 | D:7      | Found a basalt altar of Yredelemnul.
  7011 | D:7      | 7011 ||| Stepping ~*~*~tactically~*~*~ (hiding).
  7012 | D:7      | 7012 ||| Stepping ~*~*~tactically~*~*~ (hiding).
  7013 | D:7      | 7013 ||| Stepping ~*~*~tactically~*~*~ (hiding).
  7015 | D:7      | 7015 ||| Stepping ~*~*~tactically~*~*~ (hiding).
  7058 | D:7      | Reached *** piety under Trog
  7077 | D:7      | Reached skill level 9 in Axes
  7101 | D:7      | 7101 ||| Stepping ~*~*~tactically~*~*~ (stealth).
  7110 | D:7      | 7110 ||| Stepping ~*~*~tactically~*~*~ (hiding).
  7135 | D:7      | 7135 ||| INVOKING Berserk.
  7294 | D:7      | 7294 ||| Stepping ~*~*~tactically~*~*~ (hiding).
  7295 | D:7      | 7295 ||| Stepping ~*~*~tactically~*~*~ (hiding).
  7304 | D:7      | 7304 ||| INVOKING Berserk.
  7466 | D:7      | Noticed Pikel
  7469 | D:7      | 7469 ||| INVOKING Berserk.
  7481 | D:7      | Killed Pikel
  7663 | D:7      | 7663 ||| UPGRADING to +0 cloak.
  7893 | D:6      | 7893 ||| BUYING 3 scrolls labelled BUWINI AGOCI (78 gold).
  7893 | D:6      | Bought 3 scrolls labelled BUWINI AGOCI for 78 gold pieces
  7893 | D:6      | 7893 ||| BUYING runed scarf (208 gold).
  7893 | D:6      | Bought a runed scarf for 208 gold pieces
  7893 | D:6      | 7893 ||| BUYING sapphire potion (23 gold).
  7893 | D:6      | Bought a sapphire potion for 23 gold pieces
  7893 | D:6      | 7893 ||| BUYING scroll labelled HIKEUBR GYMUNI (26 gold).
  7893 | D:6      | Bought a scroll labelled HIKEUBR GYMUNI for 26 gold pieces
  7893 | D:6      | 7893 ||| BUYING scroll labelled XURRUSYCUS (26 gold).
  7893 | D:6      | Bought a scroll labelled XURRUSYCUS for 26 gold pieces
  7893 | D:6      | 7893 ||| BUYING scroll of teleportation (78 gold).
  7893 | D:6      | Bought a scroll of teleportation for 78 gold pieces
  7893 | D:6      | 7893 ||| DROPPING scarf of harm.
  7894 | D:6      | 7894 ||| READING 3 scrolls labelled BUWINI AGOCI.
  7895 | D:6      | 7895 ||| READING 2 scrolls of brand weapon.
  7895 | D:6      | 7895 ||| BRANDING +1 hand axe of freezing.
  7896 | D:6      | 7896 ||| DROPPING +2 flail of protection.
  7897 | D:6      | 7897 ||| READING scroll of brand weapon.
  7897 | D:6      | 7897 ||| BRANDING +1 hand axe of flaming.
  7898 | D:6      | 7898 ||| READING scroll labelled HIKEUBR GYMUNI.
  7999 | D:6      | 7999 ||| READING scroll labelled XURRUSYCUS.
  8000 | D:6      | 8000 ||| READING 4 scrolls of identify.
  8000 | D:6      | 8000 ||| IDENTIFYING sapphire potion
  8001 | D:6      | 8001 ||| DROPPING potion of flight.
  8094 | D:8      | Noticed Prince Ribbit
  8099 | D:8      | 8099 ||| INVOKING Berserk.
  8105 | D:8      | Killed Prince Ribbit
  8106 | D:8      | Reached skill level 6 in Armour
  8107 | D:8      | Noticed Maurice
  8110 | D:8      | Reached XP level 10. HP: 64/64 MP: 10/10
  8125 | D:8      | 8125 ||| FLEEEEING.
  8128 | D:8      | 8128 ||| FLEEEEING.
  8129 | D:8      | 8129 ||| FLEEEEING.
  8130 | D:8      | 8130 ||| STAIRDANCE
  8232 | D:7      | 8232 ||| DROPPING +0 mace.
  8342 | D:7      | 8342 ||| DROPPING +3 mace.
  8432 | D:8      | 8432 ||| STAIRDANCE
  8451 | D:7      | Killed Maurice
  8480 | D:7      | 8480 ||| UPGRADING to +1 cloak of stealth.
  8490 | D:7      | 8490 ||| DROPPING +0 cloak.
  8549 | D:8      | Reached skill level 10 in Axes
  8610 | D:8      | Found a sparkling altar of Nemelex Xobeh.
  8610 | D:8      | Found an opulent altar of Gozag.
  8646 | D:8      | Noticed a brown ugly thing
  8673 | D:8      | Killed a brown ugly thing
  8694 | D:8      | Reached **** piety under Trog
  8706 | D:8      | Reached skill level 11 in Axes
  8727 | D:8      | Identified the amulet of Orthodoxy {rPois rF+ Regen+}
  8801 | D:8      | 8801 ||| Stepping ~*~*~tactically~*~*~ (stealth).
  8802 | D:8      | 8802 ||| Stepping ~*~*~tactically~*~*~ (stealth).
  8805 | D:8      | 8805 ||| Stepping ~*~*~tactically~*~*~ (stealth).
  8810 | D:8      | 8810 ||| Stepping ~*~*~tactically~*~*~ (stealth).
  8811 | D:8      | 8811 ||| Stepping ~*~*~tactically~*~*~ (hiding).
  9040 | D:8      | 9040 ||| UPGRADING to scarf of resistance.
  9050 | D:8      | 9050 ||| UPGRADING to amulet of Orthodoxy {rPois rF+
                  | Regen+}.
  9060 | D:8      | 9060 ||| DROPPING amulet of regeneration.
  9061 | D:8      | 9061 ||| DROPPING amulet of guardian spirit.
  9062 | D:8      | 9062 ||| READING 2 scrolls labelled JOWIQO RAISU.
  9063 | D:8      | 9063 ||| READING 2 scrolls labelled REMESM KEIL.
  9064 | D:8      | 9064 ||| DROPPING scroll of blinking.
  9065 | D:8      | 9065 ||| DROPPING scroll of fog.
  9088 | D:9      | 9088 ||| Stepping ~*~*~tactically~*~*~ (stealth).
  9090 | D:9      | 9090 ||| INVOKING Berserk.
  9095 | D:9      | Reached skill level 9 in Fighting
  9095 | D:9      | Reached XP level 11. HP: 71/71 MP: 11/11
  9189 | D:9      | Noticed a two-headed ogre
  9194 | D:9      | 9194 ||| INVOKING Berserk.
  9198 | D:9      | Killed a two-headed ogre
  9211 | D:9      | 9211 ||| FLEEEEING.
  9213 | D:9      | 9213 ||| STAIRDANCE
  9357 | D:9      | 9357 ||| INVOKING Berserk.
  9681 | D:9      | Reached skill level 12 in Axes
  9686 | D:9      | 9686 ||| Stepping ~*~*~tactically~*~*~ (stealth).
  9743 | D:9      | Reached skill level 3 in Dodging
  9770 | D:9      | 9770 ||| Stepping ~*~*~tactically~*~*~ (hiding).
  9800 | D:9      | 9800 ||| FLEEEEING.
  9801 | D:9      | 9801 ||| FLEEEEING.
  9802 | D:9      | 9802 ||| FLEEEEING.
  9803 | D:9      | 9803 ||| FLEEEEING.
  9804 | D:9      | 9804 ||| FLEEEEING.
  9805 | D:9      | 9805 ||| FLEEEEING.
  9806 | D:9      | 9806 ||| FLEEEEING.
  9807 | D:9      | 9807 ||| FLEEEEING.
  9808 | D:9      | 9808 ||| FLEEEEING.
  9809 | D:9      | 9809 ||| FLEEEEING.
  9810 | D:9      | 9810 ||| FLEEEEING.
  9811 | D:9      | 9811 ||| FLEEEEING.
  9812 | D:9      | 9812 ||| FLEEEEING.
  9813 | D:9      | 9813 ||| FLEEEEING.
  9814 | D:9      | 9814 ||| FLEEEEING.
  9815 | D:9      | 9815 ||| FLEEEEING.
  9816 | D:9      | 9816 ||| FLEEEEING.
  9852 | D:9      | Noticed a deep elf pyromancer
  9862 | D:9      | 9862 ||| Stepping ~*~*~tactically~*~*~ (hiding).
  9862 | D:9      | Killed a deep elf pyromancer
  9980 | D:9      | Noticed Maggie
  9981 | D:9      | 9981 ||| Stepping ~*~*~tactically~*~*~ (hiding).
 10004 | D:9      | Killed Maggie
 10016 | D:9      | 10016 ||| SWAPPING to +0 war axe.
 10017 | D:9      | 10017 ||| DROPPING +1 hand axe of venom.
 10050 | D:9      | Reached skill level 6 in Shields
 10149 | D:9      | Identified the +2 flail of Radodgh {holy, Will++ Str+3
                  | Dex+4}
 10181 | D:9      | Found a staircase to the Lair.
 10184 | D:9      | 10184 ||| DROPPING +0 flail.
 10245 | D:9      | 10245 ||| Stepping ~*~*~tactically~*~*~ (hiding).
 10248 | D:9      | 10248 ||| INVOKING Berserk.
 10509 | D:9      | 10509 ||| FLEEEEING.
 10761 | D:9      | 10761 ||| PLANNING LAIR
 10761 | D:9      | 10761 ||| READING 8 scrolls of identify.
 10761 | D:9      | 10761 ||| IDENTIFYING orange potion
 10762 | D:9      | 10762 ||| DROPPING potion of lignification.
 10841 | Lair:1   | Entered Level 1 of the Lair of Beasts
 10852 | Lair:1   | Reached ***** piety under Trog
 10902 | Lair:1   | 10902 ||| Stepping ~*~*~tactically~*~*~ (stealth).
 10904 | Lair:1   | 10904 ||| INVOKING Berserk.
 10987 | Lair:1   | 10987 ||| Stepping ~*~*~tactically~*~*~ (stealth).
 11017 | Lair:1   | 11017 ||| Stepping ~*~*~tactically~*~*~ (stealth).
 11032 | Lair:1   | Reached skill level 3 in Throwing
 11190 | Lair:1   | 11190 ||| INVOKING Berserk.
 11199 | Lair:1   | 11199 ||| Stepping ~*~*~tactically~*~*~ (stealth).
 11204 | Lair:1   | Reached XP level 12. HP: 77/77 MP: 12/12
 11245 | Lair:1   | 11245 ||| Stepping ~*~*~tactically~*~*~ (stealth).
 11299 | Lair:1   | Noticed a death yak
 11300 | Lair:1   | 11300 ||| INVOKING Brothers in Arms.
 11301 | Lair:1   | 11301 ||| INVOKING Berserk.
 11309 | Lair:1   | Killed a death yak
 11511 | Lair:1   | 11511 ||| INVOKING Berserk.
 11657 | Lair:1   | 11657 ||| Stepping ~*~*~tactically~*~*~ (stealth).
 11659 | Lair:1   | 11659 ||| Stepping ~*~*~tactically~*~*~ (stealth).
 11673 | Lair:1   | Reached skill level 13 in Axes
 12081 | Lair:1   | 12081 ||| UPGRADING to +4 ring of evasion.
 12082 | Lair:1   | 12082 ||| READING scroll labelled UXA ULLEXKA.
 12083 | Lair:1   | 12083 ||| READING 8 scrolls of identify.
 12083 | Lair:1   | 12083 ||| IDENTIFYING white potion
 12211 | Lair:2   | Found a runed translucent door.
 12211 | Lair:2   | Noticed qw's ghost (journeyman MiBe)
 12512 | Lair:2   | Found a hole to the Spider Nest.
 12515 | Lair:2   | 12515 ||| INVOKING Berserk.
 12537 | Lair:2   | Reached skill level 9 in Armour
 12739 | Lair:2   | 12739 ||| INVOKING Berserk.
 12899 | Lair:2   | Found a staircase to the Shoals.
 13113 | Lair:2   | 13113 ||| READING scroll of acquirement.
 13113 | Lair:2   | 13113 ||| ACQUIRING 825 gold pieces
 13113 | Lair:2   | Acquired 825 gold pieces
 13204 | Lair:2   | 13204 ||| UPGRADING to +0 helmet.
 13234 | Lair:3   | 13234 ||| STAIRDANCE
 13355 | Lair:3   | 13355 ||| Stepping ~*~*~tactically~*~*~ (stealth).
 13359 | Lair:3   | 13359 ||| Stepping ~*~*~tactically~*~*~ (stealth).
 13360 | Lair:3   | 13360 ||| Stepping ~*~*~tactically~*~*~ (stealth).
 13424 | Lair:3   | 13424 ||| Stepping ~*~*~tactically~*~*~ (stealth).
 13574 | Lair:3   | Reached skill level 14 in Axes
 13613 | Lair:3   | 13613 ||| Stepping ~*~*~tactically~*~*~ (stealth).
 13615 | Lair:3   | 13615 ||| Stepping ~*~*~tactically~*~*~ (stealth).
 13659 | Lair:3   | 13659 ||| READING scroll of enchant armour.
 13659 | Lair:3   | 13659 ||| ENCHANTING +0 helmet.
 14047 | Lair:4   | Noticed a catoblepas
 14047 | Lair:4   | Noticed a death yak
 14049 | Lair:4   | Noticed a death yak
 14051 | Lair:4   | 14051 ||| INVOKING Berserk.
 14051 | Lair:4   | Noticed a death yak
 14066 | Lair:4   | Killed a death yak
 14067 | Lair:4   | Reached XP level 13. HP: 84/84 MP: 13/13
 14091 | Lair:4   | 14091 ||| FLEEEEING.
 14092 | Lair:4   | 14092 ||| FLEEEEING.
 14093 | Lair:4   | 14093 ||| STAIRDANCE
 14220 | Lair:4   | 14220 ||| STAIRDANCE
 14243 | Lair:4   | 14243 ||| INVOKING Berserk.
 14249 | Lair:4   | 14249 ||| FLEEEEING.
 14250 | Lair:4   | 14250 ||| STAIRDANCE
 14358 | Lair:4   | Identified the ring of Udommi {rElec rN+ Will+}
 14421 | Lair:4   | 14421 ||| Stepping ~*~*~tactically~*~*~ (stealth).
 14425 | Lair:4   | 14425 ||| Stepping ~*~*~tactically~*~*~ (water).
 14434 | Lair:4   | 14434 ||| Stepping ~*~*~tactically~*~*~ (water).
 14456 | Lair:4   | Reached skill level 6 in Throwing
 14531 | Lair:4   | 14531 ||| Stepping ~*~*~tactically~*~*~ (stealth).
 14535 | Lair:4   | 14535 ||| Stepping ~*~*~tactically~*~*~ (stealth).
 14538 | Lair:4   | 14538 ||| Stepping ~*~*~tactically~*~*~ (stealth).
 14556 | Lair:4   | 14556 ||| Stepping ~*~*~tactically~*~*~ (stealth).
 14557 | Lair:4   | 14557 ||| Stepping ~*~*~tactically~*~*~ (stealth).
 14558 | Lair:4   | 14558 ||| Stepping ~*~*~tactically~*~*~ (stealth).
 14578 | Lair:4   | Found a staircase to the Slime Pits.
 14581 | Lair:4   | 14581 ||| Stepping ~*~*~tactically~*~*~ (stealth).
 14973 | Lair:4   | 14973 ||| INVOKING Berserk.
 14988 | Lair:4   | 14988 ||| INVOKING Brothers in Arms.
 15123 | Lair:4   | 15123 ||| INVOKING Brothers in Arms.
 15125 | Lair:4   | 15125 ||| SWAPPING to +2 flail of Radodgh {holy, Will++
                  | Str+3 Dex+4}.
 15126 | Lair:4   | 15126 ||| INVOKING Berserk.
 15135 | Lair:4   | 15135 ||| SWAPPING to +0 war axe.
 15249 | Lair:4   | 15249 ||| Stepping ~*~*~tactically~*~*~ (stealth).
 15386 | Lair:4   | 15386 ||| UPGRADING to ring of Udommi {rElec rN+ Will+}.
 15388 | Lair:4   | 15388 ||| READING 7 scrolls of identify.
 15388 | Lair:4   | 15388 ||| IDENTIFYING green potion
 15434 | Lair:5   | Entered Level 5 of the Lair of Beasts
 15435 | Lair:5   | 15435 ||| STAIRDANCE
 15445 | Lair:5   | 15445 ||| STAIRDANCE
 15458 | Lair:5   | 15458 ||| STAIRDANCE
 15473 | Lair:5   | Identified the +9 long sword of Kismet {vamp, Str+3}
 15478 | Lair:5   | 15478 ||| INVOKING Berserk.
 15480 | Lair:5   | Reached skill level 15 in Axes
 15520 | Lair:5   | 15520 ||| INVOKING Brothers in Arms.
 15521 | Lair:5   | 15521 ||| INVOKING Brothers in Arms.
 15522 | Lair:5   | 15522 ||| INVOKING Brothers in Arms.
 15588 | Lair:5   | 15588 ||| Stepping ~*~*~tactically~*~*~ (stealth).
 15590 | Lair:5   | 15590 ||| Stepping ~*~*~tactically~*~*~ (stealth).
 15591 | Lair:5   | 15591 ||| Stepping ~*~*~tactically~*~*~ (stealth).
 15594 | Lair:5   | 15594 ||| Stepping ~*~*~tactically~*~*~ (stealth).
 15597 | Lair:5   | 15597 ||| Stepping ~*~*~tactically~*~*~ (stealth).
 15606 | Lair:5   | 15606 ||| INVOKING Berserk.
 15635 | Lair:5   | 15635 ||| INVOKING Brothers in Arms.
 15642 | Lair:5   | Reached skill level 12 in Fighting
 15815 | Lair:5   | 15815 ||| FLEEEEING.
 15816 | Lair:5   | 15816 ||| FLEEEEING.
 15817 | Lair:5   | 15817 ||| FLEEEEING.
 15818 | Lair:5   | 15818 ||| FLEEEEING.
 15819 | Lair:5   | 15819 ||| FLEEEEING.
 15820 | Lair:5   | 15820 ||| FLEEEEING.
 15821 | Lair:5   | 15821 ||| FLEEEEING.
 15822 | Lair:5   | 15822 ||| FLEEEEING.
 15823 | Lair:5   | 15823 ||| FLEEEEING.
 15824 | Lair:5   | 15824 ||| FLEEEEING.
 15825 | Lair:5   | 15825 ||| FLEEEEING.
 15827 | Lair:5   | 15827 ||| FLEEEEING.
 15828 | Lair:5   | 15828 ||| FLEEEEING.
 15829 | Lair:5   | 15829 ||| FLEEEEING.
 15830 | Lair:5   | 15830 ||| FLEEEEING.
 15831 | Lair:5   | 15831 ||| FLEEEEING.
 15832 | Lair:5   | 15832 ||| FLEEEEING.
 15833 | Lair:5   | 15833 ||| FLEEEEING.
 15834 | Lair:5   | 15834 ||| FLEEEEING.
 15835 | Lair:5   | 15835 ||| FLEEEEING.
 15836 | Lair:5   | 15836 ||| FLEEEEING.
 15837 | Lair:5   | 15837 ||| FLEEEEING.
 15838 | Lair:5   | 15838 ||| FLEEEEING.
 15839 | Lair:5   | 15839 ||| FLEEEEING.
 15840 | Lair:5   | 15840 ||| FLEEEEING.
 15841 | Lair:5   | 15841 ||| FLEEEEING.
 15842 | Lair:5   | 15842 ||| FLEEEEING.
 15843 | Lair:5   | 15843 ||| FLEEEEING.
 15844 | Lair:5   | 15844 ||| FLEEEEING.
 15845 | Lair:5   | 15845 ||| FLEEEEING.
 15846 | Lair:5   | 15846 ||| FLEEEEING.
 15847 | Lair:5   | 15847 ||| INVOKING Berserk.
 15859 | Lair:5   | 15859 ||| STAIRDANCE
 15998 | Lair:5   | 15998 ||| Stepping ~*~*~tactically~*~*~ (stealth).
 15999 | Lair:5   | 15999 ||| Stepping ~*~*~tactically~*~*~ (stealth).
 16014 | Lair:5   | Gained mutation: Your large and strong wings let you fly.
                  | [Gargoyle growth]
 16014 | Lair:5   | Reached XP level 14. HP: 90/92 MP: 14/14
 16046 | Lair:5   | 16046 ||| INVOKING Brothers in Arms.
 16047 | Lair:5   | 16047 ||| SWAPPING to +2 flail of Radodgh {holy, Will++
                  | Str+3 Dex+4}.
 16049 | Lair:5   | 16049 ||| INVOKING Berserk.
 16063 | Lair:5   | Noticed Nessos
 16074 | Lair:5   | 16074 ||| SWAPPING to +0 war axe.
 16089 | Lair:5   | HP: 20/92 [elephant (9)]
 16090 | Lair:5   | 16090 ||| READING 3 scrolls of teleportation.
 16091 | Lair:5   | 16091 ||| DRINKING 7 potions of heal wounds.
 16093 | Lair:5   | 16093 ||| INVOKING Brothers in Arms.
 16094 | Lair:5   | 16094 ||| INVOKING Brothers in Arms.
 16095 | Lair:5   | 16095 ||| SWAPPING to +2 flail of Radodgh {holy, Will++
                  | Str+3 Dex+4}.
 16099 | Lair:5   | HP: 16/92 [eight-headed hydra (10)]
 16100 | Lair:5   | 16100 ||| READING 2 scrolls of teleportation.
 16101 | Lair:5   | 16101 ||| DRINKING 6 potions of heal wounds.
 16103 | Lair:5   | 16103 ||| SWAPPING to +0 war axe.
 16115 | Lair:5   | 16115 ||| INVOKING Brothers in Arms.
 16116 | Lair:5   | 16116 ||| INVOKING Brothers in Arms.
 16117 | Lair:5   | 16117 ||| INVOKING Berserk.
 16176 | Lair:5   | 16176 ||| Stepping ~*~*~tactically~*~*~ (stealth).
 16177 | Lair:5   | 16177 ||| Stepping ~*~*~tactically~*~*~ (stealth).
 16428 | Lair:5   | 16428 ||| Stepping ~*~*~tactically~*~*~ (stealth).
 16474 | Lair:5   | 16474 ||| INVOKING Brothers in Arms.
 16475 | Lair:5   | 16475 ||| INVOKING Brothers in Arms.
 16477 | Lair:5   | 16477 ||| SWAPPING to +2 flail of Radodgh {holy, Will++
                  | Str+3 Dex+4}.
 16478 | Lair:5   | 16478 ||| INVOKING Berserk.
 16492 | Lair:5   | 16492 ||| SWAPPING to +0 war axe.
 16504 | Lair:5   | 16504 ||| INVOKING Brothers in Arms.
 16505 | Lair:5   | 16505 ||| SWAPPING to +2 flail of Radodgh {holy, Will++
                  | Str+3 Dex+4}.
 16512 | Lair:5   | Reached skill level 16 in Axes
 16513 | Lair:5   | 16513 ||| Stepping ~*~*~tactically~*~*~ (outnumbered).
 16514 | Lair:5   | 16514 ||| SWAPPING to +0 war axe.
 16515 | Lair:5   | 16515 ||| SWAPPING to +2 flail of Radodgh {holy, Will++
                  | Str+3 Dex+4}.
 16516 | Lair:5   | 16516 ||| Stepping ~*~*~tactically~*~*~ (outnumbered).
 16517 | Lair:5   | 16517 ||| Stepping ~*~*~tactically~*~*~ (outnumbered).
 16518 | Lair:5   | 16518 ||| Stepping ~*~*~tactically~*~*~ (hiding).
 16519 | Lair:5   | 16519 ||| Stepping ~*~*~tactically~*~*~ (outnumbered).
 16522 | Lair:5   | 16522 ||| Stepping ~*~*~tactically~*~*~ (outnumbered).
 16523 | Lair:5   | 16523 ||| Stepping ~*~*~tactically~*~*~ (outnumbered).
 16524 | Lair:5   | 16524 ||| INVOKING Berserk.
 16538 | Lair:5   | HP: 33/138 [elephant (8)]
 16544 | Lair:5   | HP: 17/138 [seven-headed hydra (4)]
 16544 | Lair:5   | HP: 5/138 [seven-headed hydra (12)]
 16545 | Lair:5   | Slain by a seven-headed hydra

Levels and vault maps discovered:
D:1:      minmay_arrival_open_corners, layout_basic, serial_shops,
          nicolae_shop_waterfront
D:2:      layout_basic, serial_shops, nicolae_lakefront_shop, shop,
          nicolae_shop_hallway_plus, shop, uniq_terence
D:3:      layout_rooms, nicolae_uskayaw_en_pointe, serial_shops,
          nicolae_square_shop, ebering_ecumenical_altar_hall
D:4:      layout_cave_pools, grunt_temple_overflow_diamond
D:5:      layout_loops_cross, mainiacjoe_overflow_six_doors_small, minivault_23
D:6:      layout_rooms, lightli_temple_of_fire, serial_shops,
          nicolae_take_the_stairs
D:7:      minmay_polygon_palace, layout_cave_pods, yredelemnul_altar_generic,
          minmay_temple_entry_statues_fountains, uniq_duvessa, uniq_pikel
D:8:      layout_cave_pools, grunt_temple_overflow_opulence, grunt_potential,
          uniq_maurice, uniq_prince_ribbit1
D:9:      kb_forest_paths, layout_basic, minivault_7, uniq_maggie
Lair:1:   layout_cave_pods, serial_forest, infiniplex_forest_clump_tiny,
          infiniplex_forest_clump_curved, infiniplex_forest_lined_3,
          infiniplex_forest_lined_2, infiniplex_staircase_pool,
          grunt_megastairs_5
Lair:2:   layout_gridlike, minmay_shoals_entry_hut,
          hellmonk_spider_entry_not_the_bees, gammafunk_ghost_grave,
          roderic_batcave, worms_lemuel
Lair:3:   layout_gridlike, grunt_megastairs_3
Lair:4:   layout_misc_corridors, slime_entry_1, nicolae_quartered_pool_little,
          serial_bayou_lagoon_b, grunt_megastairs_4
Lair:5:   evil_forest, layout_regular_city, minmay_shattered_shrine, uniq_nessos

Skill      XL: |  1  2  3  4  5  6  7  8  9 10 11 12 13 14 |
---------------+-------------------------------------------+-----
Axes           | 3 4 5 6 7 8 9 11 12 14 15 16 | 16.0
Fighting       | 4 6 8 9 10 11 12 | 12.0
Armour         | 3 4 6 7 8 9 10 | 10.2
Throwing       | 1 4 5 6 |  6.0
Shields        | 3 4 5 6 7 |  7.7
Dodging        | 2 3 4 5 |  5.0

Action                   |  1- 3 |  4- 6 |  7- 9 | 10-12 | 13-15 || total
-------------------------+-------+-------+-------+-------+-------++-------
Melee: Hand axe          |    92 |   135 |   336 |   357 |       ||   920
       Punch             |       |     2 |     1 |       |       ||     3
       War axe           |       |       |       |   431 |   379 ||   810
       Flail             |       |       |       |       |    68 ||    68
Throw: Boomerang         |       |    21 |    30 |    37 |    12 ||   100
       Javelin           |       |       |       |    33 |    44 ||    77
Invok: Berserk           |     1 |     6 |    12 |    11 |    10 ||    40
       Brothers in Arms  |       |       |       |     1 |     8 ||     9
  Use: Scroll            |     1 |     5 |    13 |     7 |     3 ||    29
       Potion            |       |     4 |     1 |       |     2 ||     7
 Stab: Petrified         |       |       |       |     5 |     3 ||     8
       Petrifying        |       |       |       |     1 |     2 ||     3
Armor: Animal skin       |     8 |       |       |       |       ||     8
       Ring mail         |    23 |    20 |       |       |       ||    43
       Plate armour      |       |    58 |   201 |   384 |   339 ||   982
Dodge: Dodged            |    43 |    60 |    90 |   238 |   324 ||   755
Block: Buckler           |       |       |    76 |   314 |   288 ||   678

Table legend:
 A = Non-vault XP
 B = Vault XP
 C = Vault XP percentage of total XP
 D = Non-vault monster count
 E = Vault monster count
 F = Vault count percentage of total count
                 A         B        C        D         E       F
            +---------+---------+-------+---------+---------+-------
      Total |   45645 |   20260 |  30.7 |     312 |     115 |  26.9
            +---------+---------+-------+---------+---------+-------
        D:1 |      15 |       0 |   0.0 |       9 |       0 |   0.0
        D:2 |      42 |      36 |  46.2 |      16 |       1 |   5.9
        D:3 |      99 |       0 |   0.0 |      19 |       0 |   0.0
        D:4 |     448 |       0 |   0.0 |      18 |       0 |   0.0
        D:5 |     561 |       0 |   0.0 |      20 |       0 |   0.0
        D:6 |     312 |       0 |   0.0 |       8 |       0 |   0.0
        D:7 |     938 |    2326 |  71.3 |      18 |      18 |  50.0
        D:8 |     973 |    3183 |  76.6 |      19 |      22 |  53.7
        D:9 |    2133 |    4828 |  69.4 |      17 |      36 |  67.9
     Lair:1 |    6687 |     397 |   5.6 |      33 |       1 |   2.9
     Lair:2 |     561 |    1331 |  70.3 |       4 |      14 |  77.8
     Lair:3 |    5106 |     304 |   5.6 |      20 |       2 |   9.1
     Lair:4 |   14819 |    2049 |  12.1 |      57 |       8 |  12.3
     Lair:5 |   12951 |    5806 |  31.0 |      54 |      13 |  19.4
            +---------+---------+-------+---------+---------+-------
